 Dungeon Crawl Stone Soup version 0.28.0-47-ge53b351184 (webtiles) character file.

Game seed: 2775425890064099019

224 Eitelfritz the Sneak (level 6, -3/36 (37) HPs)
             Began as a Kobold Brigand on May 6, 2022.
             Slain by a necrophage (5 damage)
             ... on level 4 of the Dungeon.
             The game lasted 00:07:24 (4720 turns).

Eitelfritz the Sneak (Kobold Brigand)               Turns: 4720, Time: 00:07:25

HP:   -3/36 (37)    AC:  4    Str:  9    XL:     6   Next: 20%
MP:   6/6           EV: 14    Int: 12    God:
Gold: 1403          SH:  0    Dex: 18    Spells: 5/5 levels left

rFire   . . .      SeeInvis .   a - +2 dagger (protect)
rCold   . . .      Faith    .   (no shield)
rNeg    . . .      Spirit   .   o - +0 leather armour
rPois   .          Reflect  .   (no helmet)
rElec   .          Harm     .   c - +0 cloak
rCorr   .          Rampage  .   (no gloves)
Will    +....                   (no boots)
Stlth   +++++.....              (no amulet)
HPRegen 0.12/turn               q - ring of willpower
MPRegen 0.10/turn               (no ring)

@: lightly drained
A: small, no large weapons, nightstalker 3
a: no special abilities


You were on level 4 of the Dungeon.
You visited 1 branch of the dungeon, and saw 4 of its levels.

You collected 1403 gold pieces.

Inventory:

Hand Weapons
 a - a +2 dagger of protection (weapon)
 p - a +2 dagger
Missiles
 d - 18 poisoned darts (quivered)
 e - 2 curare-tipped darts
Armour
 c - a +0 cloak (worn)
 o - a +0 leather armour (worn)
Jewellery
 h - an amulet of magic regeneration
 q - a ring of willpower (left hand)
Wands
 b - a wand of paralysis (10)
Potions
 f - a potion of flight {unknown}
 g - a potion of brilliance {unknown}
 i - a potion of might {unknown}
 m - 2 potions of curing
 r - a potion of lignification {unknown}


   Skills:
 + Level 3.2 Fighting
 + Level 4.3 Short Blades
 + Level 2.3 Throwing
 + Level 1.3 Armour
 + Level 1.8 Dodging
 + Level 7.6 Stealth


You had 5 spell levels left.
You didn't know any spells.
Your spell library contained the following spells:

 Spells                   Type           Power      Damage    Failure   Level
 Ensorcelled Hibernation  Hex/Ice        0%         N/A       56%         2
 Spider Form              Tmut/Pois      0%         N/A       80%         3
 Anguish                  Hex/Necr       0%         N/A       99%         4


Dungeon Overview and Level Annotations

Branches:
Dungeon (4/15)
 Temple: D:4-7

Altars:
Xom


Innate Abilities, Weirdness & Mutations

You are small and have problems with some larger weapons.
You are completely attuned to the shadows.


Message History

The orc priest is almost dead.
The orc priest barely misses you.
You hit the orc priest.
You kill the orc priest!
You aren't carrying any scrolls.
Unknown command.
Unknown command.
A hobgoblin comes into view.
The hobgoblin shouts!
You closely miss the hobgoblin. The necrophage barely misses you.
The hobgoblin misses you.
You hit the hobgoblin.
Your weapon exudes an aura of protection.
The hobgoblin is heavily wounded.
The necrophage closely misses you.
The hobgoblin hits you but does no damage.
You barely miss the hobgoblin.
The hobgoblin is heavily wounded.
An orc wizard appears from thin air!
Reactivating autopickup.
You barely miss the hobgoblin.
The hobgoblin is heavily wounded.
The necrophage hits you but does no damage.
The hobgoblin closely misses you.
You closely miss the hobgoblin.
The hobgoblin is heavily wounded.
The necrophage hits you.
* * * LOW HITPOINT WARNING * * *
You feel drained.
* * * LOW HITPOINT WARNING * * *
The hobgoblin closely misses you.
You closely miss the hobgoblin.
The hobgoblin is heavily wounded.
The necrophage hits you but does no damage.
The hobgoblin barely misses you.
You barely miss the hobgoblin.
You punch the hobgoblin, but do no damage.
The hobgoblin is heavily wounded.
The necrophage hits you.
You die...

### ... ### #.# #.#
#.# #g# #@# # #n#
###### #o# ......
#o# ####.# ##o##
#.# #...###########
#.#
#.#...........###.#
#)###########.....#
#.o....... #######


You could see a necrophage, 2 orc wizards, an orc and a hobgoblin.

Vanquished Creatures
  An orc priest (D:4)
  An iguana (D:4)
  Ijyb (D:3)
  An orc wizard (D:4)
  2 gnolls (D:3)
  2 adders
  2 adder skeletons (D:4)
  2 dart slugs (D:1)
  4 orcs
  8 ball pythons
  7 endoplasms
  2 giant cockroaches
  8 goblins
  4 hobgoblins
  6 kobolds
  5 quokkas
  5 bats
  A frilled lizard (D:2)
  7 rats
69 creatures vanquished.

Notes
Turn   | Place    | Note
-------+----------+-------------------------------------------
     0 | D:1      | Eitelfritz the Kobold Brigand began the quest for the Orb.
     0 | D:1      | Reached XP level 1. HP: 12/12 MP: 1/1
    48 | D:1      | Reached XP level 2. HP: 18/18 MP: 2/2
   138 | D:1      | Reached skill level 6 in Stealth
   470 | D:1      | Found a faded altar of an unknown god.
   484 | D:1      | Reached XP level 3. HP: 22/22 MP: 3/3
  1404 | D:2      | Reached XP level 4. HP: 17/28 MP: 4/4
  2435 | D:3      | Noticed Ijyb
  2445 | D:3      | Killed Ijyb
  2800 | D:3      | Found a shimmering altar of Xom.
  3102 | D:4      | Reached skill level 7 in Stealth
  3102 | D:4      | Reached XP level 5. HP: 32/32 MP: 5/5
  3242 | D:3      | Identified a scroll of acquirement
  3242 | D:3      | Acquired 1238 gold pieces
  4161 | D:4      | Reached skill level 1 in Armour
  4190 | D:4      | Reached XP level 6. HP: 18/37 MP: 6/6
  4417 | D:4      | Noticed a necrophage
  4672 | D:4      | Noticed a necrophage
  4720 | D:4      | Slain by a necrophage

Illustrated notes

Levels and vault maps discovered:
D:1:      dpeg_arrival_houses_and_road, layout_basic,
          ebering_ecumenical_altar_box, st_stairs_9, minmay_misc_feat_roman
D:2:      layout_basic
D:3:      layout_loops_corners, nicolae_overflow_crystal_walls, uniq_ijyb
D:4:      layout_loops_ring, zin_purify, serial_co_window_serial,
          co_window_corner_a, co_window_paths_a, co_window_corner_a,
          co_window_paths_b, co_window_paths_b, co_window_paths_a,
          co_window_corner_a, co_window_corner_b, co_window_broadway_b,
          co_window_unsneaky_path_a, co_window_unsneaky_path_d,
          co_window_corner_b, co_window_unsneaky_path_c, co_window_corner_b,
          co_window_paths_e, glass_columns_b, chequers_serial_rivers_micro_d

Skill      XL: |  1  2  3  4  5 |
---------------+----------------+-----
Stealth        | 6 7 |  7.6
Short Blades   | 3 4 |  4.3
Fighting       | 3 |  3.2
Armour         | 1 |  1.3
Throwing       | |  2.3
Dodging        | |  1.8

Action                   |  1- 3 |  4- 6 || total
-------------------------+-------+-------++-------
Melee: Dagger            |   106 |   220 ||   326
       Punch             |     1 |     3 ||     4
  Use: Potion            |     1 |       ||     1
       Scroll            |       |     5 ||     5
 Stab: Sleeping          |     9 |    17 ||    26
       Distracted        |       |     1 ||     1
Armor: Robe              |    13 |     1 ||    14
       Leather armour    |       |    51 ||    51
Dodge: Dodged            |    56 |    99 ||   155
